 Dungeon Crawl Stone Soup version 0.31-a0-846-gb3bcc0d938 (webtiles) character file.

Game seed: 12088789334741362815

46 GordonOverkill the Sneak (level 3, -8/28 HPs)
             Began as a Vampire Brigand on Sept 23, 2023.
             Was an Initiate of Trog.
             Killed from afar by Ijyb (19 damage)
             ... with a bolt of light
             ... on level 3 of the Dungeon on Oct 4, 2023.
             The game lasted 00:06:01 (1400 turns).

GordonOverkill the Sneak (Vampire Brigand)          Turns: 1400, Time: 00:06:02

Health: -8/28      AC: 14    Str: 18    XL:     3   Next: 44%
Magic:  3/3        EV:  8    Int: 13    God:    Trog [......]
Gold:   80         SH:  0    Dex: 15    Spells: 2/2 levels left

rFire   . . .        c - +2 dagger
rCold   . . .        (no shield)
rNeg    . . .        o - +0 chain mail
rPois   .            q - +0 helmet
rElec   .            h - +0 cloak
rCorr   .            (no gloves)
SInv    +            (no boots)
Will    .....        t - amulet of faith
Stlth   +            p - +6 ring of strength
HPRegen 0.44/turn    g - +4 ring of protection
MPRegen 0.08/turn

%: faith
@: mighty, healing quickly, hasted, very quick
A: alive, fangs 3, see invisible, vampiric 2
a: Exsanguinate, Renounce Religion


You were on level 3 of the Dungeon.
You worshipped Trog.
Trog was noncommittal.
You visited 1 branch of the dungeon, and saw 3 of its levels.

You collected 80 gold pieces.

Inventory:

Hand Weapons
 c - a +2 dagger (weapon)
 l - a +0 dagger of draining
Missiles
 d - 14 poisoned darts (quivered)
 e - 3 curare-tipped darts
Armour
 h - a +0 cloak (worn)
 o - a +0 chain mail (worn)
 q - a +0 helmet (worn)
Jewellery
 f - a ring of positive energy
 g - a +4 ring of protection (right hand)
 p - a +6 ring of strength (left hand)
 t - an amulet of faith (around neck)
Scrolls
 a - a scroll of fear {unknown}
 b - a scroll of blinking {unknown}
 i - a scroll of enchant armour {unknown}
 m - 4 scrolls of identify {unknown}
 s - a scroll of amnesia {unknown}
Potions
 j - a potion of ambrosia {unknown}
 n - a potion of might
 r - a potion of curing {unknown}


   Skills:
 + Level 2.4 Fighting
 - Level 3.0 Short Blades
 - Level 2.0 Throwing
 - Level 2.0 Dodging
 - Level 5.8 Stealth


You had 2 spell levels left.
You didn't know any spells.
Your spell library was empty.

Dungeon Overview and Level Annotations

Branches:
Dungeon (3/15)

Altars:
Trog

Shops:
D:1 [

Annotations:
D:3 Ijyb


Innate Abilities, Weirdness & Mutations

Your natural rate of healing is accelerated.
You have razor-sharp teeth.
You have supernaturally acute eyesight. (SInv)
You are afflicted with vampirism and can become a bat while bloodless.


Message History

t - an amulet of faith (around neck)
Okay, then.
A rat comes into view.
Ijyb and a kobold come into view.
Ijyb is wielding a +0 dagger, wearing a +1 scale mail of cold resistance and carrying a wand of light.
The kobold shouts!
The kobold moves out of view.
The rat bites you but does no damage.
You hit the rat.
You kill the rat!
Trog accepts your kill.
You hit Ijyb but do no damage. Ijyb barely misses you.
You hit Ijyb but do no damage. Ijyb barely misses you.
The kobold closely misses you.
Unknown command.
It was a potion of might.
You feel very mighty all of a sudden.
A frilled lizard comes into view.
Ijyb hits you with a +0 dagger. The kobold hits you but does no damage.
You barely miss the kobold.
The frilled lizard hisses angrily.
Ijyb hits you but does no damage. The kobold hits you but does no damage.
You puncture the kobold!
You kill the kobold!
Trog accepts your kill.
Ijyb zaps a wand.
The bolt of light hits you.
You barely miss Ijyb. You puncture Ijyb! Your bite misses Ijyb.
Ijyb is moderately wounded.
Ijyb barely misses you.
You barely miss Ijyb.
Ijyb is moderately wounded.
Ijyb zaps a wand.
The bolt of light hits you!
Ouch! That really hurt!
* * * LOW HITPOINT WARNING * * *
Okay, then.
It was a potion of haste.
You feel yourself speed up. Ijyb barely misses you.
Ijyb zaps a wand.
The bolt of light hits you!!
Ouch! That really hurt!
You die...

## #...# .# #...# .#
#...# .# #...# .#
.## #...# ... ..#
#...# .... #.#
#.g.##.... #.#
#..l#..... #.##
#@........ #..######
#....#....
........## #...##
... .....##..##
##...# .
.....###..#####..###
..:..#
##...##..#####
.....# ###.........#
.....# #.........#
.....# #.........#


You could see Ijyb and a frilled lizard.

Vanquished Creatures
  A dart slug (D:1)
  4 endoplasms
  2 giant cockroaches (D:1)
  A goblin (D:2)
  4 hobgoblins
  2 jackals (D:1)
  8 kobolds
  A quokka (D:1)
  7 ball pythons
  5 frilled lizards
  7 rats
42 creatures vanquished.

Notes
Turn   | Place    | Note
-------+----------+-------------------------------------------
     0 | D:1      | GordonOverkill the Vampire Brigand began the quest for the
                  | Orb.
     0 | D:1      | Reached XP level 1. HP: 16/16 MP: 1/1
   208 | D:1      | Found Urinyuth's Antique Armour Shoppe.
   239 | D:1      | Reached XP level 2. HP: 22/22 MP: 2/2
   569 | D:1      | Gained mutation: You are afflicted with vampirism and can
                  | become a bat while bloodless. [Vampire growth]
   569 | D:1      | Reached XP level 3. HP: 16/27 MP: 3/3
   676 | D:2      | Upgraded the game from 0.31-a0-818-ge7c7cf74f0 to
                  | 0.31-a0-846-gb3bcc0d938
   748 | D:2      | Found a bloodstained altar of Trog.
   760 | D:2      | Became a worshipper of Trog the Wrathful
  1387 | D:3      | Noticed Ijyb
  1400 | D:3      | Killed from afar by Ijyb

Illustrated notes

Levels and vault maps discovered:
D:1:      dpeg_arrival_prison, layout_basic, serial_shops,
          nicolae_shop_statue_plus, minmay_stone_trees_small
D:2:      layout_loops_ring, basic_altar
D:3:      layout_basic, mainiacjoe_overflow_surrounded_room, uniq_ijyb

Skill      XL: |  1  2  3 |
---------------+----------+-----
Fighting       | 2 |  2.4
Short Blades   | 3 |  3.0
Dodging        | 2 |  2.0
Throwing       | 2 |  2.0
Stealth        | |  5.8

Action                     || total
---------------------------++-------
  Melee: Dagger            ||    99
         Bite              ||     5
         Punch             ||     1
    Use: Potion            ||     2
   Stab: Sleeping          ||     7
 Armour: Robe              ||    38
         Chain mail        ||    14
  Dodge: Dodged            ||    45

Table legend: (Time is in decaauts)
 A = Elapsed time spent in this place.
 B = Non-inter-level travel time spent in this place.
 C = Inter-level travel time spent in this place.
 D = Time resting spent in this place.
 E = Time spent auto-exploring this place.
 F = Levels seen in this place.
 G = Mean time per level.
                   A        B        C        D        E       F      G
               +--------+--------+--------+--------+--------+-----+--------+
         Total |   1382 |   1308 |     74 |     24 |    640 |   3 |  460.7 |
       Dungeon |   1382 |   1308 |     74 |     24 |    640 |   3 |  460.7 |
               +--------+--------+--------+--------+--------+-----+--------+

Top non-repeatable levels by time:
     D:1: 684 daAuts
     D:2: 612 daAuts
     D:3: 85 daAuts
